 Dungeon Sprint DCSS version 0.22.2-1-ge965b3a (webtiles) character file.

4500000 Fang the Conqueror (level 23, -16/219 HPs)
             Began as a Demonspawn Gladiator on Apr 3, 2019.
             Was the Champion of Makhleb.
             Demolished by a destroyer
             ... wielding a +9 great sword of slicing
              (47 damage)
             ... in the Dungeon (Sprint VIII: "Arena of Blood").
             The game lasted 00:00:46 (45 turns).

Fang the Conqueror (Demonspawn Gladiator)             Turns: 45, Time: 00:00:47

Health: -16/219    AC: 18    Str: 24    XL:     23   Next: 85%
Magic:  23/54      EV: 31    Int: 11    God:    Makhleb [******]
Gold:   0          SH:  0    Dex: 14    Spells: 76/76 levels left

rFire    . . .     SeeInvis .   l - +∞ Axe of Woe
rCold    . . .     Gourm    .   (shield currently unavailable)
rNeg     . . .     Faith    .   b - +0 leather armour
rPois    .         Spirit   .   (helmet unavailable)
rElec    .         Reflect  .   (no cloak)
rCorr    .         Harm     .   (no gloves)
MR       +....     NoTele   +   (no boots)
Stlth    ++++++++++             (no amulet)
HPRegen  0.46/turn              (no ring)
MPRegen  0.34/turn              (no ring)

@: sanguine armour
A: horns 3, nightstalker 2, spiny 3, sanguine armour 3
a: Minor Destruction, Lesser Servant of Makhleb, Major Destruction, Greater
Servant of Makhleb, Renounce Religion


You were in the Dungeon.
You worshipped Makhleb.
Makhleb was exalted by your worship.
You were not hungry.

You visited 1 branch

Inventory:

Hand Weapons
 a - a +0 war axe
 l - the +∞ Axe of Woe (weapon)
   (You found it in the Dungeon)
Missiles
 d - 3 throwing nets (quivered)
Armour
 b - a +0 leather armour (worn)
 c - a +0 helmet
Scrolls
 k - a scroll of blinking
Potions
 e - a potion of curing
 g - a potion of heal wounds
 h - a potion of haste
 i - 2 potions of magic
 j - a potion of berserk rage
Comestibles
 f - a ration


   Skills:
 O Level 27 Fighting
 O Level 27 Axes
 O Level 27 Throwing
 O Level 27 Armour
 O Level 27 Dodging
 O Level 27 Stealth
 O Level 27 Unarmed Combat
 O Level 27 Spellcasting
 O Level 27 Invocations


You had 76 spell levels left.
You didn't know any spells.
Your spell library was empty.

Dungeon Overview and Level Annotations

Branches:
Dungeon (1/1)

Altars:
Makhleb


Innate Abilities, Weirdness & Mutations

You have a pair of large horns on your head.
You are significantly more attuned to the shadows.
You are completely covered in sharp spines.
When seriously injured, your bleeding wounds create very thick armour. (AC +12)


Message History

You hit the sculptor of flesh but do no damage.
You chop the sculptor of flesh into pieces.
You destroy the sculptor of flesh!
Makhleb accepts your kill.
You hear a shout! x8
The destroyer blinks! x2
You hear a shout! x2
You hit the sculptor of flesh but do no damage.
You dissect the sculptor of flesh like a pig carcass.
You destroy the sculptor of flesh!
Makhleb accepts your kill.
A meat berserker comes into view. It is wielding a +9 battleaxe.
You hear a shout! x2
A bag of meat comes into view. It is wielding a +9 war axe.
You hear a shout!
The destroyer hits you with a +9 great sword of slicing!!!!!
Ouch! That really hurt!
* * * LOW HITPOINT WARNING * * *
Your blood congeals into armour.
You die...

..........
#.......# ..
#.......#
...###.......###.
........###%.....
#.....XX.V%.....
......#o....#..
.....V#_.<._#
.§O..@#§o...#.
#.....)§§V......
......)§###......
...###)......###.
... #)))....# ..
#.......#
..........
............
............


You could see 2 destroyers, a large abomination and a meat berserker (berserk).

Vanquished Creatures
  5 vampire knights (D)
  8 ogres (D)
  3 two-headed ogres (D)
  14 orcs (D)
  2 skeletal warriors (D)
  2 large abominations (D)
  A small abomination (D)
35 creatures vanquished.

Vanquished Creatures (others)
  A crawling corpse (D)
1 creature vanquished.

Grand Total: 36 creatures vanquished

Notes
Turn   | Place    | Note
-------+----------+-------------------------------------------
     0 | D        | Found the +∞ Axe of Woe
     0 | D        | Fang the Demonspawn Gladiator began the quest for the Orb.
     0 | D        | Reached XP level 1. HP: 16/16 MP: 1/1
     4 | D        | Became a worshipper of Makhleb the Destroyer
     5 | D        | Noticed a bag of meat
     5 | D        | Noticed a bag of meat
     6 | D        | Noticed a bag of meat
     6 | D        | Noticed a meat berserker
     6 | D        | Noticed a bag of meat
     6 | D        | Noticed a bag of meat
     6 | D        | Noticed a bag of meat
     8 | D        | Noticed a meat berserker
     8 | D        | Noticed a bag of meat
    10 | D        | Killed a meat berserker
    10 | D        | Reached skill level 15 in Axes
    10 | D        | Reached skill level 15 in Throwing
    10 | D        | Reached skill level 15 in Dodging
    10 | D        | Gained mutation: You are slightly more attuned to the
                  | shadows. [demonic ancestry]
    10 | D        | Reached XP level 2. HP: 46/46 MP: 2/2
    10 | D        | Gained mutation: You are partially covered in sharp spines.
                  | [demonic ancestry]
    10 | D        | Reached XP level 3. HP: 52/52 MP: 3/3
    10 | D        | Reached XP level 4. HP: 59/59 MP: 4/4
    10 | D        | Reached XP level 5. HP: 66/66 MP: 5/5
    10 | D        | Gained mutation: You have a pair of small horns on your
                  | head. [demonic ancestry]
    10 | D        | Reached XP level 6. HP: 73/73 MP: 6/6
    10 | D        | Reached XP level 7. HP: 79/79 MP: 7/7
    10 | D        | Reached XP level 8. HP: 86/86 MP: 8/8
    10 | D        | Reached XP level 9. HP: 92/92 MP: 9/9
    10 | D        | Gained mutation: You are mostly covered in sharp spines.
                  | [demonic ancestry]
    10 | D        | Reached XP level 10. HP: 100/100 MP: 10/10
    10 | D        | Gained mutation: You are significantly more attuned to the
                  | shadows. [demonic ancestry]
    10 | D        | Reached XP level 11. HP: 106/106 MP: 11/11
    10 | D        | Reached XP level 12. HP: 113/113 MP: 12/12
    10 | D        | Gained mutation: You are completely covered in sharp
                  | spines. [demonic ancestry]
    10 | D        | Reached XP level 13. HP: 119/119 MP: 13/13
    11 | D        | Killed a meat berserker
    11 | D        | Reached * piety under Makhleb
    11 | D        | Gained mutation: When seriously injured, your bleeding
                  | wounds create armour. (AC +12) [demonic ancestry]
    11 | D        | Reached XP level 14. HP: 133/133 MP: 14/14
    11 | D        | Killed a bag of meat
    12 | D        | Killed a bag of meat
    12 | D        | Reached XP level 15. HP: 144/144 MP: 15/15
    13 | D        | Reached ** piety under Makhleb
    13 | D        | Noticed a meat berserker
    14 | D        | Reached XP level 16. HP: 157/157 MP: 16/16
    14 | D        | Reached *** piety under Makhleb
    16 | D        | Noticed a meat berserker
    17 | D        | Killed a meat berserker
    17 | D        | Gained mutation: You have a pair of horns on your head.
                  | [demonic ancestry]
    17 | D        | Reached XP level 17. HP: 171/171 MP: 17/17
    18 | D        | Reached **** piety under Makhleb
    18 | D        | Noticed a meat berserker
    19 | D        | Killed a meat berserker
    19 | D        | Reached skill level 27 in Fighting
    19 | D        | Reached XP level 18. HP: 182/182 MP: 18/18
    20 | D        | Noticed a large bag of meat
    21 | D        | Noticed a meat berserker
    22 | D        | Killed a meat berserker
    22 | D        | Reached skill level 27 in Axes
    22 | D        | Reached skill level 27 in Throwing
    22 | D        | Reached skill level 27 in Dodging
    23 | D        | Noticed a meat berserker
    23 | D        | Noticed a large bag of meat
    24 | D        | Killed a large bag of meat
    24 | D        | Reached skill level 10 in Armour
    24 | D        | Reached skill level 10 in Unarmed Combat
    24 | D        | Reached skill level 10 in Spellcasting
    24 | D        | Reached XP level 19. HP: 91/189 MP: 18/33
    24 | D        | Killed a meat berserker
    25 | D        | Noticed a meat berserker
    27 | D        | Reached ***** piety under Makhleb
    27 | D        | Reached skill level 15 in Stealth
    27 | D        | Reached skill level 15 in Armour
    27 | D        | Reached skill level 15 in Unarmed Combat
    27 | D        | Reached skill level 15 in Spellcasting
    28 | D        | Killed a meat berserker
    28 | D        | Reached XP level 20. HP: 197/197 MP: 19/41
    28 | D        | Noticed a destroyer
    29 | D        | Killed a meat berserker
    30 | D        | Noticed a destroyer
    31 | D        | Killed a large bag of meat
    31 | D        | Reached skill level 27 in Invocations
    31 | D        | Gained mutation: You have a pair of large horns on your
                  | head. [demonic ancestry]
    31 | D        | Reached XP level 21. HP: 204/204 MP: 19/46
    31 | D        | Killed a destroyer
    32 | D        | Noticed a destroyer
    34 | D        | Noticed a destroyer
    34 | D        | Noticed a destroyer
    34 | D        | Noticed a destroyer
    35 | D        | Reached ****** piety under Makhleb
    36 | D        | Killed a destroyer
    36 | D        | Gained mutation: When seriously injured, your bleeding
                  | wounds create thick armour. (AC +12) [demonic ancestry]
    36 | D        | Reached XP level 22. HP: 212/212 MP: 21/51
    36 | D        | Reached skill level 27 in Stealth
    36 | D        | Noticed a large bag of meat
    37 | D        | Noticed a destroyer
    38 | D        | Killed a destroyer
    38 | D        | Reached skill level 27 in Armour
    38 | D        | Reached skill level 27 in Unarmed Combat
    38 | D        | Reached skill level 27 in Spellcasting
    39 | D        | Killed a destroyer
    39 | D        | Gained mutation: When seriously injured, your bleeding
                  | wounds create very thick armour. (AC +12) [demonic
                  | ancestry]
    39 | D        | Reached XP level 23. HP: 213/219 MP: 22/54
    40 | D        | Killed a destroyer
    41 | D        | Killed a large bag of meat
    42 | D        | Noticed a destroyer
    45 | D        | Demolished by a destroyer

Skill      XL: |  1  2  3  4  5  6  7  8  9 10 11 12 13 14 15 16 17 18 19 20 21 22 |
---------------+-------------------------------------------------------------------+-----
Fighting       | 16 19 21 23 26 27 | 27.0
Axes           | 15 18 19 22 24 26 27 | 27.0
Throwing       | 15 18 19 21 24 26 27 | 27.0
Dodging        | 15 18 19 22 24 26 27 | 27.0
Armour         | 10 17 21 25 27 | 27.0
Stealth        | 11 18 22 26 27 | 27.0
Unarmed Combat | 10 17 21 25 27 | 27.0
Spellcasting   | 10 17 21 25 27 | 27.0
Invocations    | 14 22 27 | 27.0

Action                   |  1- 3 |  4- 6 |  7- 9 | 10-12 | 13-15 | 16-18 | 19-21 | 22-24 || total
-------------------------+-------+-------+-------+-------+-------+-------+-------+-------++-------
Melee: Executioner's axe |     1 |       |       |       |     4 |     6 |     6 |     6 ||    23
Dodge: Dodged            |       |       |       |       |       |       |     4 |     1 ||     5
